 Dungeon Crawl Stone Soup version 0.29.0-4-gdea44cf6ec (webtiles) character file.

Game seed: 4285650126376302648

168 qw the Ruffian (level 5, -2/41 HPs)
             Began as a Ghoul Fire Elementalist on Aug 29, 2022.
             Slain by an iguana (4 damage)
             ... on level 6 of the Dungeon.
             The game lasted 00:02:43 (2320 turns).

qw the Ruffian (Ghoul Fire Elementalist)            Turns: 2320, Time: 00:02:44

Health: -2/41      AC:  8    Str: 14    XL:     5   Next: 48%
Magic:  6/6        EV:  9    Int: 10    God:
Gold:   50         SH:  0    Dex:  9    Spells: 6/7 levels left

rFire   . . .      SeeInvis .     - Unarmed
rCold   + . .      Faith    .   (no shield)
rNeg    + + +      Spirit   .   d - +0 scale mail
rPois   inf        Reflect  .   e - +0 helmet
rElec   .          Harm     .   g - +0 cloak
rCorr   .          Rampage  .   (no gloves)
Will    .....                   (no boots)
Stlth   ..........              (no amulet)
HPRegen 0.00/turn               (no ring)
MPRegen 0.10/turn               (no ring)

@: inhibited regen
A: claws 1, cold resistance 1, negative energy resistance 3, inhibited
regeneration, torment resistance 2, devour on kill
a: no special abilities


You were on level 6 of the Dungeon.
You visited 1 branch of the dungeon, and saw 4 of its levels.

You collected 50 gold pieces.


Innate Abilities, Weirdness & Mutations

You are immune to poison.
You have sharp fingernails.
Your flesh is cold resistant. (rC+)
You are immune to negative energy. (rN+++)
You do not regenerate when monsters are visible.
You are immune to unholy pain and torment.
You thrive by killing the living.


   Skills:
 - Level 2.2 Fighting
 - Level 1.7 Dodging
 - Level 2.1 Stealth
 + Level 4.9 Unarmed Combat
 - Level 1.7 Spellcasting
 - Level 0.7 Conjurations
 - Level 2.4 Fire Magic


You had 6 spell levels left.
You knew the following spells:

 Your Spells              Type           Power      Damage    Failure   Level
a - Foxfire               Conj/Fire      16%        2x1d4     58%         1

Your spell library contained the following spells:

 Spells                   Type           Power      Damage    Failure   Level
 Scorch                   Fire           10%        2d5       63%         2
 Conjure Flame            Conj/Fire      4%         6-21      92%         3
 Inner Flame              Hex/Fire       3%         N/A       95%         3
 Flame Wave               Conj/Fire      4%         2d5       100%        4

Inventory:

Armour
 d - a +0 scale mail (worn)
 e - a +0 helmet (worn)
 g - a +0 cloak (worn)
Scrolls
 c - a scroll of identify
Potions
 b - a potion of haste {unknown}

Dungeon Overview and Level Annotations

Branches:
Dungeon (6/15)             Temple (0/1) D:6

Altars:

Annotations:
D:6 Blork the orc


Message History

Blork the orc is lightly wounded.
Blork the orc sings a few bars from the Orcish anthem.
Blork the orc hits you with a +0 scimitar.
You claw Blork the orc!
Blork the orc is moderately wounded.
Blork the orc casts a cantrip, but nothing happens.
You scratch Blork the orc but do no damage.
Blork the orc is moderately wounded.
Blork the orc hits you with a +0 scimitar!
You claw Blork the orc!
Blork the orc is heavily wounded.
Blork the orc hits you with a +0 scimitar.
2309 ||| READING scroll of teleportation.
As you read the scroll of teleportation, it crumbles to dust.
You feel strangely unstable.
Blork the orc frowns.
Blork the orc barely misses you.
You scratch Blork the orc but do no damage.
Blork the orc is heavily wounded.
Blork the orc barely misses you.
You closely miss Blork the orc.
Blork the orc is heavily wounded.
Blork the orc hits you with a +0 scimitar!
You claw Blork the orc!
You claw Blork the orc, but do no damage.
Blork the orc is almost dead.
Your surroundings suddenly seem different.
A scorpion and an iguana come into view.
Found a fuming green potion.
The iguana hisses angrily.
You scratch the scorpion.
The scorpion is moderately wounded.
The scorpion stings you but does no damage.
You completely miss the scorpion.
The scorpion is moderately wounded.
The scorpion stings you but does no damage.
You scratch the scorpion.
The scorpion is heavily wounded.
The scorpion closely misses you. The iguana bites you.
You die...

#.¤....
#.###.#.#####..#
..¤¤... ...#.# #
....¤.. ###.#.#
##..... # #.#
...... # #.#
##.##...# ####
## ......... ..#
.#...$... ###.#
.#.###... #..@#
.#$# . #.ls#
.... .......
.... ..........
.#.##
#.......... ....
#...!.......
.............
#.#.#####.....


You could see a scorpion and an iguana.

Vanquished Creatures
  A hound (D:6)
  Jessica (D:2)
  Robin (D:2)
  4 adders
  2 worms (D:2)
  An orc (D:6)
  3 ball pythons
  8 endoplasms
  2 giant cockroaches
  5 goblins
  5 hobgoblins
  4 jackals (D:2)
  4 quokkas
  7 bats
  4 frilled lizards
  3 kobolds (D:1)
  5 rats
60 creatures vanquished.

Notes
Turn   | Place    | Note
-------+----------+-------------------------------------------
     0 | D:1      | qw the Ghoul Fire Elementalist began the quest for the Orb.
     0 | D:1      | Reached XP level 1. HP: 14/14 MP: 2/2
     0 | D:1      | 0 ||| qw: Version: 0.1-a-90-g952f4b7
     0 | D:1      | 0 ||| qw: Game counter: 3732
     0 | D:1      | 0 ||| qw: Always use a shield: true
     0 | D:1      | 0 ||| qw: God list: Okawaru
     0 | D:1      | 0 ||| qw: Allow faded altars: false
     0 | D:1      | 0 ||| qw: Do Orc after D:15 true
     0 | D:1      | 0 ||| qw: Do second Lair branch before Depths: true
     0 | D:1      | 0 ||| qw: Lair rune preference: random
     0 | D:1      | 0 ||| qw: Plans: Normal
     0 | D:1      | 0 ||| PLANNING D:1-11
   112 | D:1      | Reached skill level 1 in Unarmed Combat
   121 | D:1      | 121 ||| Stepping ~*~*~tactically~*~*~ (stealth).
   126 | D:1      | 126 ||| Stepping ~*~*~tactically~*~*~ (stealth).
   131 | D:1      | 131 ||| Stepping ~*~*~tactically~*~*~ (stealth).
   132 | D:1      | 132 ||| Stepping ~*~*~tactically~*~*~ (stealth).
   136 | D:1      | 136 ||| Stepping ~*~*~tactically~*~*~ (stealth).
   138 | D:1      | 138 ||| Stepping ~*~*~tactically~*~*~ (stealth).
   139 | D:1      | 139 ||| Stepping ~*~*~tactically~*~*~ (stealth).
   148 | D:1      | Reached skill level 1 in Fighting
   148 | D:1      | Reached XP level 2. HP: 18/23 MP: 3/3
   246 | D:1      | 246 ||| Stepping ~*~*~tactically~*~*~ (outnumbered).
   513 | D:1      | Reached skill level 2 in Unarmed Combat
   698 | D:1      | Reached XP level 3. HP: 27/28 MP: 4/4
  1075 | D:1      | 1075 ||| Stepping ~*~*~tactically~*~*~ (stealth).
  1098 | D:1      | 1098 ||| Stepping ~*~*~tactically~*~*~ (stealth).
  1170 | D:1      | 1170 ||| UPGRADING to +0 scale mail.
  1180 | D:1      | 1180 ||| DROPPING +0 robe.
  1181 | D:1      | 1181 ||| UPGRADING to +0 cloak.
  1186 | D:1      | 1186 ||| DROPPING ring of flight.
  1187 | D:1      | 1187 ||| READING scroll labelled ASAIRO ZOIBIO.
  1188 | D:1      | 1188 ||| DRINKING 2 glowing blue potions.
  1189 | D:1      | 1189 ||| DROPPING potion of magic.
  1190 | D:1      | 1190 ||| DROPPING potion of berserk rage.
  1214 | D:2      | 1214 ||| STAIRDANCE
  1218 | D:1      | Reached skill level 3 in Unarmed Combat
  1228 | D:2      | 1228 ||| STAIRDANCE
  1354 | D:2      | Reached XP level 4. HP: 35/35 MP: 5/5
  1379 | D:2      | Noticed Jessica
  1384 | D:2      | Killed Jessica
  1385 | D:2      | Reached skill level 4 in Unarmed Combat
  1423 | D:2      | Found a faded altar of an unknown god.
  1425 | D:2      | 1425 ||| Stepping ~*~*~tactically~*~*~ (stealth).
  1705 | D:2      | 1705 ||| Stepping ~*~*~tactically~*~*~ (stealth).
  1706 | D:2      | 1706 ||| Stepping ~*~*~tactically~*~*~ (stealth).
  1713 | D:2      | 1713 ||| Stepping ~*~*~tactically~*~*~ (stealth).
  1714 | D:2      | 1714 ||| Stepping ~*~*~tactically~*~*~ (stealth).
  1719 | D:2      | 1719 ||| Stepping ~*~*~tactically~*~*~ (stealth).
  1765 | D:2      | Noticed Robin
  1766 | D:2      | 1766 ||| Stepping ~*~*~tactically~*~*~ (hiding).
  1767 | D:2      | 1767 ||| Stepping ~*~*~tactically~*~*~ (hiding).
  1769 | D:2      | 1769 ||| Stepping ~*~*~tactically~*~*~ (hiding).
  1785 | D:2      | Killed Robin
  1786 | D:2      | Reached XP level 5. HP: 38/41 MP: 6/6
  1995 | D:2      | 1995 ||| UPGRADING to +0 helmet.
  2000 | D:2      | 2000 ||| READING 2 scrolls labelled YLIH QEKLAORA.
  2001 | D:2      | 2001 ||| READING scroll labelled MOVVOL DUSTROJA.
  2002 | D:2      | 2002 ||| DRINKING 2 fizzy red potions.
  2003 | D:2      | 2003 ||| DROPPING potion of lignification.
  2022 | D:3      | 2022 ||| PLANNING SEWER
  2025 | D:3      | 2025 ||| Stepping ~*~*~tactically~*~*~ (stealth).
  2140 | D:3      | You fall into a shaft and drop 3 floors!
  2187 | D:6      | Found a staircase to the Ecumenical Temple.
  2188 | D:6      | 2188 ||| PLANNING TEMPLE
  2188 | D:6      | 2188 ||| READING scroll labelled YCVORGH PEFE.
  2225 | D:6      | 2225 ||| Stepping ~*~*~tactically~*~*~ (stealth).
  2291 | D:6      | Noticed Blork the orc
  2292 | D:6      | 2292 ||| Stepping ~*~*~tactically~*~*~ (hiding).
  2294 | D:6      | 2294 ||| Stepping ~*~*~tactically~*~*~ (hiding).
  2295 | D:6      | 2295 ||| Stepping ~*~*~tactically~*~*~ (hiding).
  2308 | D:6      | HP: 10/41 [Blork the orc/+0 scimitar (4)]
  2309 | D:6      | 2309 ||| READING scroll of teleportation.
  2311 | D:6      | HP: 2/41 [Blork the orc/+0 scimitar (8)]
  2320 | D:6      | Slain by an iguana

Levels and vault maps discovered:
D:1:      co_arrival_random_square_maze, layout_basic
D:2:      layout_loops_ring, hellmonk_ecumenical_altar_dog_temple, minivault_11,
          serial_park_tiny_1, uniq_robin, uniq_jessica
D:3:      layout_loops_ring, gup_sewer_entry_pipe, minivault_24
D:6:      layout_basic, minmay_temple_entry_purple_smoke,
          nicolae_ossuary_entry_plus, uniq_blork_the_orc

Skill      XL: |  1  2  3  4 |
---------------+-------------+-----
Unarmed Combat | 1 2 3 4 |  4.9
Fighting       | 1 2 |  2.2
Dodging        | |  1.7
Stealth        | |  2.1
Spellcasting   | |  1.7
Conjurations   | |  0.7
Fire Magic     | |  2.4

Action                   |  1- 3 |  4- 6 || total
-------------------------+-------+-------++-------
Melee: Unarmed           |   141 |   128 ||   269
       Punch             |     2 |     3 ||     5
  Use: Scroll            |     1 |     4 ||     5
       Potion            |     1 |     1 ||     2
Armor: Robe              |    17 |       ||    17
       Scale mail        |    13 |    59 ||    72
Dodge: Dodged            |    80 |    51 ||   131

Table legend:
 A = Non-vault XP
 B = Vault XP
 C = Vault XP percentage of total XP
 D = Non-vault monster count
 E = Vault monster count
 F = Vault count percentage of total count
                 A         B        C        D         E       F
            +---------+---------+-------+---------+---------+-------
      Total |     168 |      72 |  30.0 |      48 |      12 |  20.0
            +---------+---------+-------+---------+---------+-------
        D:1 |      60 |       0 |   0.0 |      31 |       0 |   0.0
        D:2 |      34 |      72 |  67.9 |      10 |      12 |  54.5
        D:3 |      31 |       0 |   0.0 |       5 |       0 |   0.0
        D:6 |      43 |       0 |   0.0 |       2 |       0 |   0.0
            +---------+---------+-------+---------+---------+-------
